 Dungeon Crawl Stone Soup version 0.27-a0-1139-g28e009f8a6 (webtiles) character file.

Game seed: 3114307902589656009

163 Zeld the Chucker (level 5, -10/36 HPs)
             Began as an Octopode Fighter on May 8, 2021.
             Killed by nerve-wracking pain
             ... invoked by an orc priest
              (13 damage)
             ... on level 3 of the Dungeon.
             The game lasted 00:04:52 (3897 turns).

Zeld the Chucker (Octopode Fighter)                 Turns: 3897, Time: 00:04:52

Health: -10/36     AC:  1    Str: 16    XL:     5   Next: 44%
Magic:  5/5        EV: 11    Int: 10    God:
Gold:   81         SH:  9    Dex: 12    Spells: 4/4 levels left

rFire    . . .     SeeInvis .   a - +0 war axe
rCold    . . .     Faith    .   b - +0 kite shield
rNeg     . . .     Spirit   .   (helmet restricted)
rPois    .         Reflect  .   (no amulet)
rElec    .         Harm     .   (no ring)
rCorr    .         Rampage  .   (no ring)
Will     .....                  (no ring)
Stlth    ++........             (no ring)
HPRegen  0.12/turn              (no ring)
MPRegen  0.09/turn              (no ring)
                                (no ring)
                                (no ring)

@: no status effects
A: almost no armour, amphibious, 8 rings, camouflage 1, gelatinous body 1,
(nimble swimmer 1), tentacles
a: no special abilities


You were on level 3 of the Dungeon.
You visited 1 branch of the dungeon, and saw 3 of its levels.

You collected 81 gold pieces.

Inventory:

Hand Weapons
 a - a +0 war axe (weapon)
Missiles
 i - 20 poisoned darts (quivered)
Armour
 b - a +0 kite shield (worn)
Scrolls
 d - a scroll of blinking {unknown}
 e - 3 scrolls of silence {unknown}
 f - a scroll of fear {unknown}
 j - a scroll of summoning {unknown}
 k - a scroll of magic mapping {unknown}
 m - a scroll of enchant weapon {unknown}
 n - a scroll of torment {unknown}
 o - 3 scrolls of identify {unknown}
 p - a scroll of teleportation {unknown}
 q - a scroll of amnesia {unknown}
Potions
 c - a potion of might
 g - 2 potions of curing {unknown}
 h - a potion of magic {unknown}
 l - a potion of mutation {unknown}


   Skills:
 - Level 3.4 Fighting
 - Level 2.5 Axes
 * Level 3.9 Throwing
 - Level 3.0 Dodging
 - Level 3.4 Shields


You had 4 spell levels left.
You didn't know any spells.
Your spell library contained the following spells:

 Spells                   Type           Power      Damage    Failure   Level
 Foxfire                  Conj/Fire      0%         2x1d4     86%         1
 Magic Dart               Conj           0%         1d3       86%         1
 Searing Ray              Conj           0%         3d3       95%         2
 Conjure Flame            Conj/Fire      0%         6-21      99%         3
 Dazzling Flash           Conj/Hex       0%         N/A       99%         3
 Inner Flame              Hex/Fire       0%         N/A       99%         3
 Animate Dead             Necr           0%         N/A       100%        4
 Fulminant Prism          Conj/Hex       0%         3d6       100%        4
 Iskenderun's Mystic Bla  Conj/Tloc      0%         2d3       100%        4
 Sticky Flame             Conj/Fire      0%         2d3       100%        4
 Borgnjor's Vile Clutch   Necr/Erth      0%         N/A       100%        5
 Fireball                 Conj/Fire      0%         3d3       100%        5
 Death Channel            Necr           0%         N/A       100%        6
 Simulacrum               Ice/Necr       0%         N/A       100%        6


Dungeon Overview and Level Annotations

Branches:
Dungeon (3/15)

Altars:


Innate Abilities, Weirdness & Mutations

You cannot wear most types of armour.
You are amphibious.
You can wear up to eight rings at the same time.
Your skin changes colour to match your surroundings (Stealth+).
Your rubbery body absorbs attacks. (AC +1, EV +1)
((You are camouflaged near water. (Stealth+)))
You have tentacles for arms and can constrict up to eight enemies at once.


Message History

Found 17 stones.
You see here 17 stones.
q - a scroll labelled TASUSTRUVVU You open the door.
There is an open door here.
An orc is nearby!
The orc shouts!
You hear a shout!
The orc priest invokes the aid of Beogh against you.
Beogh smites you!
You closely miss the orc.
The orc shouts!
You grab the orc. You constrict the orc. The orc hits you with a +0 club.
You hit the orc. You squeeze the orc.
You kill the orc!
The orc priest miscasts a cantrip.
Things that are here:
a +0 club; an orc corpse You hit the orc priest but do no damage.
You grab the orc priest. You squeeze the orc priest!
The orc priest is heavily wounded.
You closely miss the orc.
You constrict the orc priest, but do no damage.
The orc hits you with a +0 hand axe.
The orc priest hits you with a +0 flail!
You barely miss the orc priest.
The orc priest is heavily wounded.
You closely miss the orc. You constrict the orc priest.
You block the orc's attack.
The orc priest hits you with a +0 flail!
* * * LOW HITPOINT WARNING * * *
The orc closely misses you. The orc priest completely misses you.
You hit the orc priest but do no damage.
You squeeze the orc priest, but do no damage.
The orc priest is severely wounded.
You slash the orc!
You kill the orc!
You constrict the orc priest.
The orc priest invokes the aid of Beogh against you.
Pain shoots through your body!
You die...

.........#.....#.#....#...#<#....
...###.###.....#.####.##..#.#....
#### #.......#.#.# #.##.>.......
#.###...#.#.# #.###.#.#.... ###
#...#'#.####'###.#...#.#
#......................#
#.......................
#+####...o.........####...
........)@.(.......# #...
...............#.#.# #...
...............#.#.# #...
...............#.#.# #...
#####.............# #...
##'####..... #...
##############.# ..... #..#
...............# ##... ....
.....########### .#. ...#


You could see an orc priest.

Vanquished Creatures
  Natasha (D:3)
  An orc wizard (D:3)
  5 adders
  A worm (D:3)
  3 dart slugs
  2 orcs (D:3)
  5 bats
  6 endoplasms
  3 giant cockroaches
  8 goblins
  3 hobgoblins
  6 kobolds
  4 quokkas
  5 ball pythons
  3 frilled lizards
  5 rats
61 creatures vanquished.

Notes
Turn   | Place    | Note
-------+----------+-------------------------------------------
     0 | D:1      | Zeld the Octopode Fighter began the quest for the Orb.
     0 | D:1      | Reached XP level 1. HP: 16/16 MP: 1/1
    46 | D:1      | Reached XP level 2. HP: 7/21 MP: 2/2
   968 | D:1      | Reached XP level 3. HP: 16/26 MP: 3/3
  1521 | D:2      | Reached skill level 1 in Throwing
  1916 | D:2      | Reached XP level 4. HP: 31/31 MP: 4/4
  3166 | D:3      | Reached XP level 5. HP: 22/36 MP: 5/5
  3718 | D:3      | Noticed Natasha
  3722 | D:3      | Killed Natasha
  3897 | D:3      | Killed from afar by an orc priest

Illustrated notes

Levels and vault maps discovered:
D:1:      eino_arrival_cavern_c, layout_rooms, hangedman_glass_teeth
D:2:      layout_rooms, serial_curves, eino_curves_01, eino_curves_03,
          eino_curves_01, grunt_ministairs_14, roderic_roman_lattice
D:3:      minmay_spotlight, layout_basic, kennysheep_generic_room_6,
          uniq_natasha

Skill      XL: |  1  2  3  4 |
---------------+-------------+-----
Throwing       | 2 3 |  3.9
Fighting       | |  3.4
Axes           | |  2.5
Dodging        | |  3.0
Shields        | |  3.4

Action                   |  1- 3 |  4- 6 || total
-------------------------+-------+-------++-------
Melee: War axe           |    58 |    53 ||   111
       Tentacles         |     7 |    13 ||    20
       Constrict         |    12 |    19 ||    31
 Stab: Sleeping          |     3 |     4 ||     7
Armor: Skin              |     3 |     4 ||     7
Dodge: Dodged            |    17 |    32 ||    49
Block: Kite shield       |    27 |    30 ||    57

Table legend: (Time is in decaauts)
 A = Elapsed time spent in this place.
 B = Non-inter-level travel time spent in this place.
 C = Inter-level travel time spent in this place.
 D = Time resting spent in this place.
 E = Time spent auto-exploring this place.
 F = Levels seen in this place.
 G = Mean time per level.
                   A        B        C        D        E       F      G
               +--------+--------+--------+--------+--------+-----+--------+
         Total |   3966 |   3924 |     42 |    622 |   2740 |   3 | 1322.0 |
       Dungeon |   3966 |   3924 |     42 |    622 |   2740 |   3 | 1322.0 |
               +--------+--------+--------+--------+--------+-----+--------+

Top non-repeatable levels by time:
     D:2: 1460 daAuts
     D:1: 1445 daAuts
     D:3: 1059 daAuts
